 Dungeon Crawl Stone Soup version 0.27-a0-40-g5f2be0e231 (webtiles) character file.

Game seed: 15607202860164917439

1591 Borgoz the Slasher (level 8, -6/49 HPs)
             Began as a Gargoyle Gladiator on Jan 6, 2021.
             Was a Follower of Ashenzari.
             Killed by divine providence
             ... invoked by an orc priest
              (11 damage)
             ... on level 6 of the Dungeon.
             The game lasted 00:08:03 (5890 turns).

Borgoz the Slasher (Gargoyle Gladiator)             Turns: 5890, Time: 00:08:04

Health: -6/49      AC: 14    Str: 14 (17) XL:     8   Next: 93%
Magic:  8/8        EV: 14    Int:  8 (10) God:    Ashenzari [*.....]
Gold:   338        SH:  0    Dex: 11 (13) Spells: 7/7 levels left

rFire    + . .     SeeInvis .   a - +0 long sword (curse)
rCold    . . .     Faith    +   (no shield)
rNeg     + . .     Spirit   .   I - +3 leather armour {Will+}
rPois    ∞         Reflect  .   c - +0 helmet
rElec    +         Harm     .   (no cloak)
rCorr    .         Rampage  .   (no gloves)
Will     +....                  l - +0 pair of boots
Stlth    +++.......             D - amulet of faith
HPRegen  0.16/turn              o - ring of protection from fire
MPRegen  0.11/turn              v - ring of stealth

@: no status effects
A: negative energy resistance 1, electricity resistance, unbreathing,
petrification resistance, miasma immunity, AC +5
a: Renounce Religion, Curse Item, Scrying


You were on level 6 of the Dungeon.
You worshipped Ashenzari.
Ashenzari was aware of your devotion.
You visited 2 branches of the dungeon, and saw 7 of its levels.

You collected 338 gold pieces.

Inventory:

Hand Weapons
 a - a cursed +0 long sword (weapon)
 b - a +4 dagger
 H - a +0 rapier
Armour
 c - a +0 helmet (worn)
 l - a +0 pair of boots (worn)
 I - a +3 leather armour of willpower (worn)
Jewellery
 o - a ring of protection from fire (left hand)
 v - a ring of stealth (right hand)
 D - an amulet of faith (around neck)
 E - an uncursed ring of positive energy
 F - an uncursed ring of protection from cold
Wands
 n - a wand of polymorph (2)
Scrolls
 f - a scroll of random uselessness {unknown}
 i - 4 scrolls of teleportation
 m - 3 scrolls of immolation {unknown}
 p - 2 scrolls of amnesia
 q - 2 scrolls of fog
 r - a scroll of enchant armour {unknown}
 t - a scroll of blinking {unknown}
 y - a scroll of fear
 A - a scroll of noise {unknown}
 G - 3 scrolls of remove curse
Potions
 d - a potion of might {unknown}
 h - 2 potions of degeneration
 j - a potion of cancellation
 k - 2 potions of brilliance
 s - a potion of magic
 u - 2 potions of heal wounds
 w - a potion of resistance
 x - 2 potions of berserk rage
 C - a potion of flight


   Skills:
 + Level 5.0 Fighting
 * Level 6.0 Long Blades
 - Level 1.7 Throwing
 + Level 4.2 Armour
 * Level 5.4 Dodging
 + Level 4.5 Stealth


You had 7 spell levels left.
You didn't know any spells.
Your spell library was empty.

Dungeon Overview and Level Annotations

Branches:
Dungeon (6/15)             Temple (1/1) D:5

Altars:
Ashenzari
Cheibriados
Dithmenos
Elyvilon
Fedhas
Gozag
Hepliaklqana
Kikubaaqudgha
Makhleb
Nemelex Xobeh
Okawaru
Qazlal
Ru
Sif Muna
Trog
Uskayaw
Vehumet
Wu Jian
Xom
Yredelemnul
Zin
The Shining One

Shops:
D:6 [


Innate Abilities, Weirdness & Mutations

You are resistant to torment.
Your stone body is resilient. (AC +5)
You are immune to poison.
You resist negative energy. (rN+)
You are resistant to electric shocks. (rElec)
You can survive without breathing.
You are immune to petrification.
You are immune to miasma.


Message History

You barely miss the orc priest.
The orc priest is lightly wounded.
The orc warrior barely misses you.
The orc priest hits you but does no damage.
You slash the orc priest!
The orc priest is severely wounded.
The orc priest hits you but does no damage.
The orc warrior misses you.
You riposte.
You barely miss the orc warrior.
You hit the orc priest but do no damage.
The orc priest is severely wounded.
The orc priest invokes the aid of Beogh against you.
Beogh smites you!
* * * LOW HITPOINT WARNING * * *
The orc warrior completely misses you.
You riposte.
You completely miss the orc warrior.
You hit the orc priest but do no damage.
The orc priest is severely wounded.
The orc priest invokes the aid of Beogh against you.
Beogh smites you!
You die...

#.####### #.# #.#
#.# #.# #.#
###.##########.##
#................
#.######8#.###.##
#.# ####.#..##.##
###.###.8.∩<8.##.##
#)@o....##.#####.##
#)o...####8# #.>.
.......# #.# ####
###.....# #.. .....
......# ### #####
##.###.. #? .## #.
.#


You could see an orc warrior and an orc priest.

Vanquished Creatures
  Sigmund (D:2)
  Eustachio (D:6)
  An ice beast (D:5)
  An orc warrior (D:6)
  3 ogres
  A centaur (D:5)
  2 scorpions (D:5)
  5 wights (D:6)
  A bullfrog zombie (D:5)
  A bullfrog skeleton (D:4)
  3 orc wizards
  2 orc priests
  Ijyb (D:4)
  Natasha (twice) (D:2)
  3 worker ants
  2 hound skeletons (D:6)
  9 adders
  A shadow imp (D:6)
  An ufetubus (D:5)
  An ooze (D:3)
  A worm (D:2)
  3 dart slugs
  A leopard gecko (D:4)
  11 orcs
  2 ball pythons (D:1)
  5 bats
  6 giant cockroaches
  5 goblins
  7 hobgoblins
  4 jackals
  A quokka (D:2)
  7 frilled lizards
  14 kobolds
  10 rats
119 creatures vanquished.

Vanquished Creatures (others)
  A bat (D:2)
1 creature vanquished.

Grand Total: 120 creatures vanquished

Notes
Turn   | Place    | Note
-------+----------+-------------------------------------------
     0 | D:1      | Borgoz the Gargoyle Gladiator began the quest for the Orb.
     0 | D:1      | Reached XP level 1. HP: 12/12 MP: 1/1
   253 | D:1      | Reached XP level 2. HP: 15/18 MP: 2/2
   350 | D:1      | Reached skill level 3 in Long Blades
   548 | D:1      | Reached XP level 3. HP: 22/22 MP: 3/3
   667 | D:1      | Reached skill level 1 in Armour
   845 | D:2      | Reached skill level 1 in Stealth
   858 | D:2      | Noticed Sigmund
   861 | D:2      | Found a radiant altar of Vehumet.
   865 | D:2      | Killed Sigmund
   866 | D:2      | Reached XP level 4. HP: 14/27 MP: 4/4
  1144 | D:2      | Reached XP level 5. HP: 29/32 MP: 5/5
  1265 | D:2      | Found a faded altar of an unknown god.
  1386 | D:2      | Found a broken altar of Ashenzari.
  1414 | D:2      | Became a worshipper of Ashenzari the Shackled
  1438 | D:2      | Noticed Natasha
  1446 | D:2      | Killed Natasha
  1692 | D:2      | Noticed Natasha
  1708 | D:2      | Killed Natasha
  2261 | D:3      | Reached skill level 4 in Long Blades
  2329 | D:3      | Reached XP level 6. HP: 35/37 MP: 6/6
  2927 | D:4      | Noticed Ijyb
  2960 | D:4      | Killed Ijyb
  3035 | D:4      | Reached XP level 7. HP: 42/42 MP: 7/7
  3150 | D:4      | Found a snail-covered altar of Cheibriados.
  3150 | D:4      | Found a sparkling altar of Nemelex Xobeh.
  3150 | D:4      | Found a stormy altar of Qazlal.
  3150 | D:4      | Found a shadowy altar of Dithmenos.
  3238 | D:4      | Found an ancient bone altar of Kikubaaqudgha.
  3242 | D:4      | Found a shimmering altar of Xom.
  3614 | D:5      | Entered Level 5 of the Dungeon
  4236 | D:5      | Reached skill level 5 in Long Blades
  4412 | D:5      | Reached XP level 8. HP: 23/48 MP: 8/8
  4575 | D:5      | Found a staircase to the Ecumenical Temple.
  4588 | Temple   | Entered the Ecumenical Temple
  4660 | D:5      | Found an iron altar of Okawaru.
  4956 | D:6      | Noticed Eustachio
  4987 | D:6      | Killed Eustachio
  5163 | D:6      | Found a hide-covered altar of Uskayaw.
  5206 | D:6      | Reached skill level 5 in Dodging
  5231 | D:6      | Reached * piety under Ashenzari
  5759 | D:6      | Reached skill level 5 in Fighting
  5861 | D:6      | Found Ziynerch's Armour Emporium.
  5886 | D:6      | Reached skill level 6 in Long Blades
  5890 | D:6      | Killed from afar by an orc priest

Illustrated notes

Levels and vault maps discovered:
D:1:      wander_arrival_peaceful_grave, layout_basic
D:2:      layout_basic, fiery_altar_vehumet,
          chequers_ecumenical_altar_simple_redux, ashenzari_altar_1,
          uniq_sigmund, uniq_natasha
D:3:      layout_basic
D:4:      layout_loops_cross, minmay_overflow_temple_hex, hex_medium, uniq_ijyb
D:5:      wander_river, layout_rooms, minmay_temple_entry_tees,
          lemuel_statue_altar
D:6:      layout_loops_ring, basic_altar, serial_shops,
          nicolae_shop_statue_plus, uniq_eustachio
Temple:   minmay_freezing_vapour_temple

Skill      XL: |  1  2  3  4  5  6  7  8 |
---------------+-------------------------+-----
Long Blades    | 3 4 5 6 |  6.0
Armour         | 1 2 3 4 |  4.2
Stealth        | 1 2 3 4 |  4.5
Dodging        | 3 4 5 |  5.4
Fighting       | 3 4 5 |  5.0
Throwing       | |  1.7

Action                   |  1- 3 |  4- 6 |  7- 9 || total
-------------------------+-------+-------+-------++-------
Melee: Dagger            |    80 |   192 |   110 ||   382
       Long sword        |    12 |       |   170 ||   182
Throw: Throwing net      |     1 |     2 |     3 ||     6
  Use: Scroll            |       |     8 |     5 ||    13
       Potion            |       |       |     8 ||     8
 Stab: Sleeping          |       |     2 |     7 ||     9
       Held in net/web   |       |       |     3 ||     3
       Invisible         |       |       |     1 ||     1
Armor: Leather armour    |    28 |    65 |   119 ||   212
Dodge: Dodged            |    60 |   126 |   206 ||   392
       Rpst.: Long sword |     1 |       |    42 ||    43

Table legend: (Time is in decaauts)
 A = Elapsed time spent in this place.
 B = Non-inter-level travel time spent in this place.
 C = Inter-level travel time spent in this place.
 D = Time resting spent in this place.
 E = Time spent auto-exploring this place.
 F = Levels seen in this place.
 G = Mean time per level.
                   A        B        C        D        E       F      G
               +--------+--------+--------+--------+--------+-----+--------+
         Total |   5905 |   5796 |    109 |   1932 |   2778 |   7 |  843.6 |
       Dungeon |   5890 |   5786 |    104 |   1932 |   2768 |   6 |  981.7 |
        Temple |     15 |     10 |      5 |      0 |     10 |   1 |   15.0 |
               +--------+--------+--------+--------+--------+-----+--------+

Top non-repeatable levels by time:
     D:5: 1249 daAuts
     D:4: 1162 daAuts
     D:2: 1088 daAuts
     D:6: 957 daAuts
     D:1: 834 daAuts
     D:3: 597 daAuts
  Temple: 15 daAuts
